 Dungeon Crawl Stone Soup version 0.28.0-43-g3370ac3207 (webtiles) character file.

Game seed: 17281484594221922380

707 boopmooplesden the Poker (level 7, -2/61 (63) HPs)
             Began as a Minotaur Berserker on Mar 22, 2022.
             Was a Priest of Trog.
             Slain by a wight
             ... wielding a +3 battleaxe of freezing
              (14 damage)
             ... on level 6 of the Dungeon.
             The game lasted 00:05:25 (3662 turns).

boopmooplesden the Poker (Minotaur Berserker)       Turns: 3662, Time: 00:05:25

HP:   -2/61 (63)    AC: 13    Str: 30    XL:     7   Next: 40%
MP:   6/6           EV:  9    Int:  4    God:    Trog [***...]
Gold: 184           SH:  0    Dex: 11    Spells: 6/6 levels left

rFire   + . .      SeeInvis .   a - +0 spear
rCold   . . .      Faith    .   (no shield)
rNeg    . . .      Spirit   .   n - +0 plate armour
rPois   .          Reflect  .   j - +2 hat of Mevamolado {rF+ Will- Str+8}
rElec   .          Harm     .   i - scarf {repulsion}
rCorr   .          Rampage  .   (no gloves)
Will    .....                   (no boots)
Stlth   ..........              (no amulet)
HPRegen 0.20/turn               (no ring)
MPRegen 0.10/turn               (no ring)

@: on berserk cooldown, slowed, lightly drained, repel missiles, very slow
A: horns 2, retaliatory headbutt
a: Renounce Religion, Berserk, Trog's Hand


You were on level 6 of the Dungeon.
You worshipped Trog.
Trog was most pleased with you.
You visited 1 branch of the dungeon, and saw 5 of its levels.

You collected 184 gold pieces.

Inventory:

Hand Weapons
 a - a +0 spear (weapon)
Armour
 f - the +1 robe "Tavoaset" {rCorr}
   (You found it on level 3 of the Dungeon)

   rCorr:     It protects you from acid and corrosion.
 i - a scarf of repulsion (worn)
 j - the +2 hat of Mevamolado (worn) {rF+ Will- Str+8}
   (You found it on level 2 of the Dungeon)

   Str:       It affects your strength (+8).
   rF:        It protects you from fire.
   Will:      It decreases your willpower.
 l - a +1 ring mail
 n - a +0 plate armour (worn)
 p - the +1 ring mail "Xijeng" {Harm rPois Str-3}
   (You found it on level 4 of the Dungeon)

   Str:       It affects your strength (-3).
   rPois:     It protects you from poison.
   Harm:      It increases damage dealt and taken.
Jewellery
 k - a ring of poison resistance
 q - an amulet of regeneration
Wands
 m - a wand of iceblast (6)
Scrolls
 d - a scroll of acquirement {unknown}
 g - a scroll of silence
 h - 2 scrolls of fear {unknown}
 o - a scroll of amnesia {unknown}
 r - a scroll of fog {unknown}
 s - a scroll of magic mapping {unknown}
Potions
 b - a potion of haste {unknown}
 c - a potion of curing
 e - a potion of degeneration {unknown}


   Skills:
 + Level 6.0 Fighting
 + Level 7.3 Polearms
 + Level 4.3 Armour
 + Level 4.1 Dodging
 + Level 0.9 Stealth


You had 6 spell levels left.
You didn't know any spells.
Your spell library was empty.

Dungeon Overview and Level Annotations

Branches:
Dungeon (4/15)
 Temple: D:4-7

Altars:
Beogh

Shops:
D:3 (


Innate Abilities, Weirdness & Mutations

You have a pair of horns on your head.
You reflexively headbutt those who attack you in melee.


Message History

You hit the wight.
The wight is heavily damaged.
The wight misses you.
You barely miss the wight. You headbutt the wight.
The wight is severely damaged.
You puncture the wight!
You destroy the wight!
Trog accepts your kill.
Items here: )) [[.
A wight and a howler monkey skeleton come into view.
The wight is wielding a +3 battleaxe of freezing.
Found a trident.
You feel a strong urge to attack something.
Found a stone staircase leading down.
You are no longer berserk.
You are exhausted.
You feel yourself slow down.
You puncture the howler monkey skeleton!
You headbutt the howler monkey skeleton.
The howler monkey skeleton is heavily damaged.
You hit the wight.
The wight is moderately damaged.
The wight hits you with a +3 battleaxe of freezing.
The wight freezes you.
The howler monkey skeleton hits you but does no damage.
You puncture the howler monkey skeleton!
The howler monkey skeleton is almost destroyed.
The wight hits you with a +3 battleaxe of freezing!
The wight freezes you!
The howler monkey skeleton closely misses you.
You hit the wight but do no damage. You headbutt the wight!
The wight is almost destroyed.
The wight hits you with a +3 battleaxe of freezing!
You feel drained. The wight freezes you!
* * * LOW HITPOINT WARNING * * *
The howler monkey skeleton hits you but does no damage.
You barely miss the wight. Your headbutt misses the wight.
The wight is almost destroyed.
The wight hits you with a +3 battleaxe of freezing!
You die...

#...## #####
#....###....#
###...........#
#..............
#.....#....#..
#.....#...##
#.#.#.#...#
#.....#.†.###♣##
#.....#..)#..@z#
#.#.#.##...)#♣Z.#
#.....###.#.#
...# #.....#
#.#..##..♣
#.#.#.# ##...#
.>.# #.....# ...#
..♣# #.....#
#..## .# #.#.#.#
#..# ## #..†..#
##.+


You could see a wight and a howler monkey skeleton.

Vanquished Creatures
  A black bear (D:6)
  A necrophage (D:6)
  The ghost of jr88keys the Shield-Bearer, an amateur OpFi (D:3)
  A centaur (D:6)
  3 wights (D:6)
  A centaur zombie (D:4)
  A hound (D:4)
  2 orc priests
  An adder (D:3)
  A gnoll (D:1)
  3 worms (D:2)
  5 dart slugs
  9 orcs
  10 endoplasms
  3 giant cockroaches
  10 goblins
  4 hobgoblins
  11 jackals
  2 quokkas (D:3)
  9 ball pythons
  6 bats
  3 frilled lizards
  3 kobolds
  7 rats
98 creatures vanquished.

Notes
Turn   | Place    | Note
-------+----------+-------------------------------------------
     0 | D:1      | boopmooplesden the Minotaur Berserker began the quest for
                  | the Orb.
     0 | D:1      | Reached XP level 1. HP: 19/19 MP: 0/0
   219 | D:1      | Reached skill level 4 in Polearms
   219 | D:1      | Reached XP level 2. HP: 27/27 MP: 1/1
   633 | D:1      | Found a faded altar of an unknown god.
   833 | D:1      | Reached XP level 3. HP: 31/34 MP: 2/2
  1234 | D:2      | Identified the +2 hat of Mevamolado {rF+ Will- Str+8}
  1283 | D:2      | Reached ** piety under Trog
  1778 | D:2      | Reached XP level 4. HP: 41/41 MP: 3/3
  2279 | D:3      | Found a runed translucent gate.
  2279 | D:3      | Found a runed translucent gate.
  2279 | D:3      | Found a runed translucent gate.
  2293 | D:3      | Identified the +9 scale mail "Dopurha" {rPois Str+2}
  2295 | D:3      | Noticed jr88keys's ghost (amateur OpFi)
  2496 | D:3      | Found Mexutas's Weapon Shoppe.
  2567 | D:3      | Reached skill level 5 in Fighting
  2693 | D:3      | Identified the +1 robe "Tavoaset" {rCorr}
  3040 | D:3      | Reached *** piety under Trog
  3042 | D:3      | Killed jr88keys's ghost
  3043 | D:3      | Reached skill level 5 in Polearms
  3043 | D:3      | Reached XP level 5. HP: 48/48 MP: 4/4
  3161 | D:4      | Reached XP level 6. HP: 35/56 MP: 5/5
  3321 | D:4      | Identified the +1 ring mail "Xijeng" {Harm rPois Str-3}
  3389 | D:4      | Reached skill level 6 in Polearms
  3407 | D:4      | You fall into a shaft and drop 2 floors!
  3555 | D:6      | Reached XP level 7. HP: 44/62 MP: 6/6
  3649 | D:6      | Reached skill level 7 in Polearms
  3662 | D:6      | Slain by a wight

Illustrated notes

Levels and vault maps discovered:
D:1:      sevenhm_arrival_forest_fort_large_4, layout_loops_ring,
          hellmonk_ecumenical_altar_lost_god, minmay_door_square,
          kennysheep_another_room, st_stairs_4, nicolae_figureground_pulse
D:2:      minmay_alternating_diamond, layout_basic, solitary_fountain
D:3:      layout_basic, biasface_ghost_orc_armoury, serial_shops, shop
D:4:      layout_loops_ring, zin_purify
D:6:      layout_layer_cave, elyvilon_altar_1, columned_hall_lemuel,
          minmay_misc_feat_alley, st_stairs_1, amcnicky_mini_pool_small,
          hellmonk_bongcloud_opening, corexii_shack, grunt_ministairs_8

Skill      XL: |  1  2  3  4  5  6  7 |
---------------+----------------------+-----
Fighting       | 4 5 6 |  6.0
Polearms       | 4 5 6 7 |  7.3
Dodging        | 3 4 |  4.1
Armour         | 3 4 |  4.3
Stealth        | |  0.9

Action                   |  1- 3 |  4- 6 |  7- 9 || total
-------------------------+-------+-------+-------++-------
Melee: Spear             |    78 |   116 |    14 ||   208
       Headbutt          |     8 |    17 |     4 ||    29
       Punch             |     1 |     1 |       ||     2
Invok: Berserk           |       |     2 |     1 ||     3
  Use: Scroll            |       |     6 |       ||     6
 Stab: Sleeping          |     1 |       |       ||     1
Armor: Animal skin       |    17 |       |       ||    17
       Ring mail         |       |    28 |       ||    28
       Plate armour      |       |    31 |     3 ||    34
Dodge: Dodged            |    49 |    49 |     3 ||   101
